AoeStats
← littlebobler

Oasis

507821048Analyzed
3v3 RM · 12d ago on Sep 19, 2026· 32m 37s· 6 players
Game mode
Random Map
Map size
Normal (6 player)
Population
200
Speed
Normal
Resources
Standard
Victory
Conquest
Starting age
Dark Age
Ending age
Imperial Age
RankedLock teamsTeams togetherTeam positionsShared explorationLock speedFull tech treeHidden civsTurbo modeCheats
Victory
Defeat
🇩🇪 Saracens · Germany
1077
+10
🇩🇪 Ethiopians · Germany
994
+13
🇩🇪 Franks · Germany
891
+19
🇩🇪 Teutons · Germany
984
-16
🇩🇪 Hindustanis · Germany
916
-13
914
-13
Rochen Freiberger
6:25 Loom
9:13 Feudal Age
11:28 Double-Bit Axe
15:33 Fletching
24:48 Castle Age
24:21 Gold Mining
24:45 Forging
24:41 Scale Barding Armor
27:08 Bloodlines
27:27 Husbandry
28:46 Horse Collar
31:43 Heavy Plow
31:57 Town Watch
littlebobler
11:46 Feudal Age
13:13 Double-Bit Axe
22:16 Castle Age
Hackfleisch hackender Zerhacker
8:14 Loom
10:38 Feudal Age
11:00 Horse Collar
11:23 Double-Bit Axe
16:01 Bloodlines
28:11 Castle Age
28:45 Wheelbarrow
28:20 Elite Skirmisher
29:44 Heavy Plow
30:32 Bow Saw
32:02 Padded Archer Armor
31:52 Fletching
32:09 Scale Barding Armor
32:09 Husbandry
31:30 Light Cavalry
Pandaa
11:18 Feudal Age
19:44 Double-Bit Axe
24:33 Castle Age
23:22 Fletching
23:32 Padded Archer Armor
24:40 Forging
24:31 Scale Mail Armor
24:36 Gold Mining
24:32 Horse Collar
24:36 Crossbowman
25:26 Bodkin Arrow
29:40 Bow Saw
29:56 Thumb Ring
30:47 Leather Archer Armor
31:08 Iron Casting
32:40 Heavy Plow
Steinmaeder
9:57 Feudal Age
10:51 Loom
12:00 Double-Bit Axe
19:55 Gold Mining
21:28 Scale Barding Armor
21:33 Forging
22:35 Wheelbarrow
24:01 Stone Mining
27:51 Scale Mail Armor
29:55 Castle Age
32:01 Chain Barding Armor
32:16 Iron Casting
31:04 Light Cavalry
31:46 Husbandry
32:51 Hand Cart
Tenzo
6:32 Loom
9:39 Feudal Age
10:55 Double-Bit Axe
18:01 Scale Barding Armor
18:14 Bloodlines
20:22 Wheelbarrow
24:18 Castle Age
23:18 Horse Collar
24:10 Gold Mining
25:32 Scale Barding Armor
25:56 Bow Saw
25:31 Light Cavalry
26:12 Husbandry
26:34 Chain Barding Armor
26:33 Heavy Plow
27:09 Forging
30:49 Iron Casting
32:33 Hand Cart
Connection lost

Rejoining the realm…

Still unreachable

The connection could not be restored.

Session expired

The server has moved on; the page needs a fresh start.